AoeStats
← Bukkake

Arabia

510251500Analyzed
1v1 RM · 2d ago on Sep 30, 2026· 34m 13s· 2 players
Game mode
Random Map
Map size
Tiny (2 player)
Population
200
Speed
Normal
Resources
Standard
Victory
Conquest
Starting age
Dark Age
Ending age
Imperial Age
RankedLock teamsTeams togetherTeam positionsShared explorationLock speedFull tech treeHidden civsTurbo modeCheats
Victory
Defeat
🇦🇺 Slavs · Australia
867
+17
🇨🇱 Saracens · Chile
886
-17
Bukkake
9:38 Feudal Age
9:45 Loom
15:10 Castle Age
17:34 Fletching
17:41 Elite Skirmisher
20:07 Bodkin Arrow
22:36 Double-Bit Axe
30:06 Forging
30:02 Scale Barding Armor
34:03 Imperial Age
33:47 Bloodlines
34:29 Chain Barding Armor
Gocsa
9:39 Feudal Age
10:07 Double-Bit Axe
19:22 Wheelbarrow
18:47 Horse Collar
22:22 Castle Age
21:17 Fletching
21:27 Padded Archer Armor
22:25 Elite Skirmisher
23:12 Bodkin Arrow
23:33 Leather Archer Armor
25:29 Light Cavalry
26:39 Forging
26:29 Scale Mail Armor
26:38 Scale Barding Armor
31:20 Iron Casting
Connection lost

Rejoining the realm…

Still unreachable

The connection could not be restored.

Session expired

The server has moved on; the page needs a fresh start.